 Dungeon Crawl Stone Soup version 0.17.0 (webtiles) character file.

324409 Senshi the Phalangite (level 21, -25/142 HPs)
             Began as a Gargoyle Monk on Nov 12, 2015.
             Was the Champion of Nemelex Xobeh.
             Killed from afar by a crystal guardian (50 damage)
             ... with a crystal bolt
             ... on level 3 of the Elven Halls.
             The game lasted 02:59:47 (46981 turns).

Senshi the Phalangite (Gargoyle Monk)              Turns: 46981, Time: 02:59:48

Health: -25/142    AC: 36    Str: 23    XL:     21   Next: 60%
Magic:  19/19      EV: 11    Int:  8    God:    Nemelex Xobeh [******]
Gold:   2430       SH:  0    Dex: 29    Spells: 0 memorised, 20 levels left

rFire  . . .     SeeInvis .     W - +9 glaive of Arrival {speed, rElec}
rCold  + + +     Clarity  .     P - +1 chain mail "Zeicujer" {rElec Str+4 Int-3}
rNeg   + + .     SustAt   .     (shield currently unavailable)
rPois  ∞         Gourm    .     c - +0 hat of Darkness {rC+ Int-3 Dex+6}
rElec  +         Spirit   .     V - +2 cloak {rC+}
rCorr  .         Warding  .     h - +0 pair of gloves
rMut   .         Stasis   .     j - +0 pair of boots {Stlth+}
MR     ++...                    u - amulet of regeneration
Stlth  ++........               n - ring "Wumain" {+Fly Int+4 Dex+4}
                                F - ring of Mirth {+Blink +Inv rC+ rN+ MP-9}

@: especially stealthy, flying, very resistant to hostile enchantments,
unstealthy
A: big wings, fangs 1, magic resistance 1, mutation resistance 1, negative
energy resistance 1, electricity resistance, unbreathing, petrification
resistance, rot immunity, AC +15
a: Stop Flying, Triple Draw, Deal Four, Stack Five, Renounce Religion, Evoke
Blink, Evoke Invisibility
}: 2/15 runes: decaying, gossamer


You were on level 3 of the Elven Halls.
You worshipped Nemelex Xobeh.
Nemelex Xobeh was exalted by your worship.
You were not hungry.

You visited 8 branches of the dungeon, and saw 44 of its levels.
You visited 1 bazaar.
You also visited: Ossuary and Ice Cave.

You collected 5391 gold pieces.
You spent 2865 gold pieces at shops.

Inventory:

Hand Weapons
 a - the +1 glaive "Diroal" {venom, rElec rN++ MR- Stlth+}
   (You acquired it on level 9 of the Dungeon)

   It poisons the flesh of those it strikes.
   It insulates you from electricity.
   It greatly protects you from negative energy.
   It affects your resistance to hostile enchantments.
   It makes you more stealthy.
 g - a +0 glaive of flaming
 z - the +6 glaive of Bobikic {chop, Int+4 Stlth+}
   (You found it on level 7 of the Lair of Beasts)

   It inflicts extra damage upon your enemies.
   It affects your intelligence (+4).
   It makes you more stealthy.
 I - a +4 halberd of freezing
 W - the +9 glaive of Arrival (weapon) {speed, rElec}
   (You found it in an ice cave)

   Attacks with this weapon are significantly faster.
   It insulates you from electricity.
Armour
 c - the +0 hat of Darkness (worn) {rC+ Int-3 Dex+6}
   (You found it on level 4 of the Vaults)

   It affects your intelligence (-3).
   It affects your dexterity (+6).
   It protects you from cold.
 h - a +0 pair of gloves (worn)
 j - a +0 pair of boots of stealth (worn)
 P - the +1 chain mail "Zeicujer" (worn) {rElec Str+4 Int-3}
   (You bought it in a shop on level 4 of the Orcish Mines)

   It affects your strength (+4).
   It affects your intelligence (-3).
   It insulates you from electricity.
 V - a +2 cloak of cold resistance (worn)
Jewellery
 f - an uncursed amulet of resist corrosion {unknown}
 n - the ring "Wumain" (right hand) {+Fly Int+4 Dex+4}
   (You found it on level 1 of the Swamp)

   [ring of flight]

   It affects your intelligence (+4).
   It affects your dexterity (+4).
   It lets you fly.
 u - an amulet of regeneration (around neck)
 F - the ring of Mirth (left hand) {+Blink +Inv rC+ rN+ MP-9}
   (You found it on level 5 of the Dungeon)

   [ring of positive energy]

   It protects you from cold.
   It protects you from negative energy.
   It affects your magic capacity (-9).
   It lets you turn invisible.
   It lets you blink.
 R - a +1 ring of protection {unknown}
Wands
 d - a wand of lightning (1)
 k - a wand of confusion (33)
 l - a wand of digging (6)
 x - a wand of fireball (7)
 y - a wand of lightning (11)
 C - a wand of teleportation (5)
 H - a wand of frost (18)
 X - a wand of digging (12)
Scrolls
 b - a scroll of summoning
 e - 2 scrolls of remove curse
 q - 3 scrolls of blinking
 r - 24 scrolls of identify
 t - 12 scrolls of teleportation
 J - 4 scrolls of magic mapping
 N - a scroll of fog
 Y - a scroll of silence
Potions
 m - 3 potions of lignification
 o - 7 potions of agility
 p - 2 potions of resistance
 s - a potion of brilliance
 w - 3 potions of heal wounds
 A - 2 potions of magic
 E - 18 potions of curing
 G - 2 potions of berserk rage
 K - 8 potions of might
 L - 4 potions of haste
 T - 3 potions of cancellation
Miscellaneous
 i - a legendary deck of destruction
 v - an ornate deck of destruction
 D - an ornate deck of destruction
 Q - a legendary deck of escape {drawn: 5}
 Z - a legendary deck of destruction {drawn: 2}
Comestibles
 B - 26 bread rations
 M - 8 meat rations
 O - 5 chunks of flesh
 S - a beef jerky


   Skills:
 + Level 18.5 Fighting
 * Level 24.4 Polearms
 * Level 14.4 Armour
 - Level 2.4 Dodging
 - Level 2.1 Stealth
 - Level 4.0 Unarmed Combat
 - Level 10.5 Evocations


You had 20 spell levels left.
You didn't know any spells.

Dungeon Overview and Level Annotations

Branches:
Dungeon (15/15)            Temple (0/1) D:7            Lair (8/8) D:10
  Swamp (4/4) Lair:6       Spider (4/4) Lair:6        Slime (0/6) Lair:8
    Orc (4/4) D:12            Elf (3/3) Orc:3        Vaults (5/5) D:14
  Crypt (0/3) Vaults:2     Depths (1/5) D:15

Altars:
Ashenzari
Cheibriados
Elyvilon
Fedhas
Kikubaaqudgha
Nemelex Xobeh
Okawaru
Qazlal
Ru
Sif Muna
Trog
Vehumet
Yredelemnul
Zin
The Shining One
Jiyva

Shops:
D:5 *   Orc:4 ![?[   Vaults:1 }=   Vaults:3 }   Vaults:4 (

Portals:
Ziggurat: Depths:1


Innate Abilities, Weirdness & Mutations

You are resistant to torment.
Your stone body is resilient (AC +15).
You are immune to poison.
Your large and strong wings let you fly indefinitely.
You resist negative energy.
You are resistant to electric shocks.
You can survive without breathing.
You are immune to petrification.
You are immune to rotting.
You have very sharp teeth.
You are resistant to hostile enchantments.
You are somewhat resistant to further mutation.


Message History

* * * LOW HITPOINT WARNING * * *
You hear a shout! x2
Things that are here:
a long sword of protection; a leather armour; an elf corpse Drink which item? (? for menu, Esc to quit)
You feel much better. The crystal guardian hits you!!
* * * LOW HITPOINT WARNING * * *
The deep elf conjurer points at you and mumbles some strange words.
The bolt of cold hits the crystal guardian.
The crystal guardian completely resists.
The bolt of cold hits the crystal guardian.
The crystal guardian completely resists.
The bolt of cold hits you! You resist.
* * * LOW HITPOINT WARNING * * *
The crystal guardian fires a crystalline bolt at you.
The crystal bolt burns the crystal guardian.
The crystal guardian completely resists.
The crystal bolt burns you!
You die...
Your body glows with a rainbow of weird colours and disappears. ....## ##...e .....#....e ......... ....... ...e. eee

##8##
##.8.##
#..@..#
#.))).#
###.###
#.))# #..(#
##)######
#.....)#
#####
####...#
#...##
####...####


You could see a deep elf annihilator, 2 crystal guardians, a deep elf sorcerer,
a deep elf high priest and a deep elf conjurer.

Vanquished Creatures
  Norris (Vaults:1)
  Arachne (Spider:4)
  Jorgrun (Spider:2)
  2 liches (Vaults:4)
  A deep elf blademaster (Elf:2)
  Frances (Swamp:2)
  A tengu reaver (Vaults:4)
  3 thorn hunters (Swamp:4)
  Roxanne (D:14)
  A fire giant (Vaults:4)
  2 deep elf sorcerers
  3 ghost moths
  Aizul (Spider:4)
  An orc warlord (Lair:6)
  12 vault wardens
  8 emperor scorpions
  2 frost giants
  6 stone giants
  6 ironheart preservers
  4 very ugly things
  4 deep elf annihilators
  Nessos (Lair:8)
  A deep elf demonologist (Elf:3)
  A crystal guardian (Elf:3)
  3 deep elf death magi
  4 vault guards
  A minotaur (Lair:8)
  3 great orbs of eyes
  A jiangshi (Vaults:2)
  4 fire dragons
  10 hydras
  9 ogre magi
  2 entropy weavers
  8 yaktaur captains
  3 ice dragons (Swamp:4)
  2 rakshasas
  7 alligators
  2 death yaks
  A deep troll earth mage (Depths:1)
  17 dancing weapons (Elf:2)
  4 centaur warriors
  A deep troll shaman (Depths:1)
  A queen ant (Lair:4)
  A satyr (D:15)
  5 hell knights
  Sonja (D:10)
  19 deep elf knights
  5 fire crabs
  An iron troll (Depths:1)
  5 deep trolls
  3 skeletal warriors
  17 deep elf summoners
  5 swamp dragons
  2 unseen horrors
  12 ironbrand convokers
  9 hill giants
  4 necromancers
  An anubis guard (D:15)
  11 orc knights
  A lindwurm (Lair:8)
  9 deep elf conjurers
  A harpy (shapeshifter) (Elf:2)
  7 orc sorcerers
  16 orb spiders
  A wolf spider zombie (D:13)
  20 ugly things
  A mana viper (Vaults:1)
  7 griffons
  21 wolf spiders
  7 cyclopes
  A hornet (shapeshifter) (Vaults:2)
  2 salamanders
  3 moths of wrath
  2 manticores (D:15)
  8 hornets
  3 centaur zombies
  2 naga magi (Vaults:4)
  2 elephants (Lair:6)
  An ice statue (IceCv)
  11 vault sentinels
  3 centaur skeletons
  4 gargoyles
  6 torpor snails
  5 black mambas
  25 spiny frogs
  66 yaktaurs
  30 orc warriors
  2 kobold demonologists
  9 komodo dragons
  2 tengu conjurers (Vaults:4)
  8 demonic crawlers
  2 fire drakes
  A two-headed ogre (shapeshifter) (Vaults:1)
  12 deep elf priests
  15 two-headed ogres
  17 polar bears
  32 jumping spiders
  10 freezing wraiths
  8 trolls
  A raiju (D:15)
  7 giant leeches
  A wind drake (shapeshifter) (Vaults:1)
  18 blink frogs
  29 slime creatures
  A boulder beetle (Vaults:3)
  10 bog bodies
  3 harpy skeletons
  A wind drake (D:15)
  40 redbacks
  A wyvern (Lair:6)
  3 spriggans
  Sigmund (D:2)
  3 shadows
  2 tarantellas (shapeshifter)
  21 trapdoor spiders
  16 deep elf magi
  22 tarantellas
  2 humans
  3 swamp worm simulacra (Swamp:4)
  A hog (Lair:4)
  60 yaks
  2 hungry ghosts
  9 hippogriffs
  3 basilisks
  Grum (D:8)
  A fire elemental (Orc:4)
  30 deep elf fighters
  A steam dragon (Lair:7)
  15 vampire mosquitoes
  27 wolves
  6 insubstantial wisps
  A mottled dragon (Vaults:1)
  2 hell hounds (Orc:4)
  33 swamp worms
  15 hydra simulacra (Swamp:4)
  6 wargs
  Duvessa (D:7)
  8 water moccasins
  9 porcupines
  A black bear (D:7)
  10 spiders
  12 swamp drakes
  3 phantoms
  A necrophage (D:6)
  An eye of draining (D:14)
  An ice beast (D:10)
  2 sky beasts
  A centaur (shapeshifter) (Vaults:2)
  4 wasps
  42 ogres
  11 centaurs
  19 crocodiles
  35 giant frogs
  A glowing shapeshifter simulacrum (Vaults:1)
  A brain worm (D:14)
  3 big kobolds
  9 gnoll sergeants
  A deep troll simulacrum (Vaults:1)
  An ogre simulacrum (Vaults:1)
  6 scorpions
  A wyvern skeleton (D:14)
  Dowan (D:7)
  8 killer bees
  5 wights
  4 electric eels (Lair:8)
  A quasit (D:10)
  6 crimson imps
  21 orc priests
  A wyvern simulacrum (D:12)
  A giant frog skeleton (D:4)
  4 hounds
  5 jellies
  45 orc wizards
  13 iguanas
  8 worker ants
  2 killer bee zombies
  51 sheep
  12 mummies (Ossuary)
  7 gnolls
  41 river rats
  17 adders
  4 shadow imps
  5 swamp drake simulacra (Swamp:4)
  2 oozes
  An adder zombie (D:8)
  3 adder skeletons
  13 worms
  182 orcs
  7 giant cockroaches
  2 goblins
  3 hobgoblins
  12 jackals
  6 quokkas
  2 ball pythons
  5 bats
  6 giant geckos
  6 giant newts
  2 gnoll skeletons (Ossuary)
  A goblin skeleton (Ossuary)
  21 kobolds
  2 kobold skeletons (Ossuary)
  3 orc skeletons (Ossuary)
  2 quokka skeletons
  6 rats
  11 rat skeletons (Ossuary)
  A briar patch (Swamp:4)
  2 fungi
  3 plants
1780 creatures vanquished.

Vanquished Creatures (collateral kills)
  A ghost moth (Spider:4)
  A vault warden (Vaults:1)
  3 ironheart preservers
  An orc warlord (Lair:6)
  2 deep elf annihilators (Elf:3)
  Azrael (Orc:4)
  A deep elf death mage (Elf:3)
  7 hydras
  3 deep elf high priests (Elf:3)
  A centaur warrior (D:14)
  An alligator (Swamp:2)
  An orc high priest (Orc:4)
  A deep elf knight (Elf:3)
  A swamp dragon (Lair:7)
  A wizard (D:14)
  4 orb spiders (Spider:4)
  2 orc sorcerers (Orc:4)
  An ironbrand convoker (Vaults:1)
  A black mamba (Lair:3)
  An ugly thing (D:15)
  2 elephants (Lair:6)
  A torpor snail (Spider:3)
  A centaur skeleton (D:14)
  2 demonic crawlers
  2 yaktaurs (Vaults:2)
  A two-headed ogre (D:12)
  The ghost of Ultraviolent4 the Shield-Bearer, an amateur FoFE (Ossuary)
  4 jumping spiders
  A troll (Lair:6)
  A trapdoor spider (Spider:4)
  A shadow (Swamp:2)
  2 slime creatures (Vaults:1)
  2 tarantellas
  5 redbacks
  3 fire elementals (Orc:4)
  3 yaks (D:8)
  2 deep elf magi
  A deep elf fighter (Vaults:1)
  2 hungry ghosts
  2 water moccasins
  A wolf (Lair:3)
  A porcupine (Lair:7)
  A hell hound (Orc:4)
  2 black bears (D:6)
  7 spiders
  2 ogres
  8 orc warriors
  2 centaurs (D:14)
  2 crocodiles
  A wasp (Spider:4)
  4 big kobolds (D:14)
  3 wights (D:9)
  6 orc wizards
  4 orc priests
  A worker ant zombie (D:9)
  A gnoll (D:12)
  7 river rats
  6 orcs
  2 kobolds (D:14)
  A plant (Lair:6)
136 creatures vanquished.

Vanquished Creatures (others)
  A centaur warrior (Lair:6)
  A swamp dragon (Lair:6)
  A yaktaur (D:14)
  A giant leech (Swamp:4)
  A water moccasin (Lair:6)
  A bog body (Swamp:4)
  A blink frog (Lair:6)
  A trapdoor spider (Spider:4)
  A deep elf fighter (Vaults:4)
  A swamp worm (Swamp:4)
  An ogre (Lair:6)
  2 centaurs (D:14)
  2 orc priests
  A sheep (Lair:6)
  3 orcs (Lair:6)
  4 bushes (Lair:6)
  15 fungi
  9 plants
47 creatures vanquished.

Grand Total: 1963 creatures vanquished

Notes
Turn   | Place    | Note
--------------------------------------------------------------
     0 | D:1      | Senshi the Gargoyle Monk began the quest for the Orb.
     0 | D:1      | Reached XP level 1. HP: 14/14 MP: 1/1
   241 | D:1      | Reached XP level 2. HP: 14/20 MP: 2/2
   943 | D:2      | Noticed Sigmund
   957 | D:2      | Reached XP level 3. HP: 14/24 MP: 3/3
  1072 | D:1      | Reached skill level 1 in Polearms
  1713 | D:2      | Reached XP level 4. HP: 22/30 MP: 4/4
  2117 | D:3      | Reached skill level 5 in Fighting
  2710 | D:3      | Reached XP level 5. HP: 35/35 MP: 5/5
  2822 | D:3      | Noticed an ogre
  2842 | D:3      | Killed an ogre
  3106 | D:3      | Found a bloodstained altar of Trog.
  3255 | D:4      | Reached XP level 6. HP: 37/41 MP: 6/6
  3430 | D:4      | Found a stormy altar of Qazlal.
  3875 | D:5      | Entered Level 5 of the Dungeon
  3913 | D:4      | Reached skill level 6 in Fighting
  3945 | D:5      | Found Wecid's General Store.
  3954 | D:5      | Bought a scroll of identify for 26 gold pieces
  4003 | D:5      | Found a sparkling altar of Nemelex Xobeh.
  4008 | D:5      | Became a worshipper of Nemelex Xobeh the Trickster
  4008 | D:5      | Received a gift from Nemelex Xobeh
  4008 | D:5      | Reached * piety under Nemelex Xobeh
  4008 | D:5      | Received a gift from Nemelex Xobeh
  4008 | D:5      | Reached ** piety under Nemelex Xobeh
  4018 | D:5      | Received a gift from Nemelex Xobeh
  4102 | D:5      | Reached XP level 7. HP: 43/46 MP: 7/7
  4279 | D:2      | Found a sacrificial altar of Ru.
  4375 | D:2      | Reached skill level 5 in Polearms
  4532 | D:2      | Killed Sigmund
  4637 | D:5      | Got a bound bone ring
  4660 | D:5      | Identified the ring of Mirth {+Blink +Inv rC+ rN+ MP-9} (You found it on level 5 of the Dungeon)
  4756 | D:5      | Got a crude chain mail
  4767 | D:5      | Identified the +6 chain mail of the Will of the Gods {*Confuse rC+ Int+4 SInv} (You found it on level 5 of the Dungeon)
  4796 | D:5      | Reached skill level 1 in Evocations
  4839 | D:5      | Reached XP level 8. HP: 38/52 MP: 0/8
  5277 | D:6      | Found a sand-covered staircase.
  5286 | Ossuary  | Entered an ossuary
  5388 | Ossuary  | Reached skill level 7 in Fighting
  5536 | Ossuary  | Noticed Ultraviolent4's ghost (amateur FoFE)
  5541 | Ossuary  | Killed Ultraviolent4's ghost
  5767 | D:6      | Received a gift from Nemelex Xobeh
  5905 | D:6      | Reached *** piety under Nemelex Xobeh
  5918 | D:6      | Found a deep blue altar of Sif Muna.
  6203 | D:6      | Found a bloodstained altar of Trog.
  6475 | D:6      | Reached skill level 8 in Polearms
  6475 | D:6      | Reached XP level 9. HP: 56/58 MP: 1/10
  6486 | D:6      | Reached skill level 9 in Fighting
  6486 | D:6      | Reached skill level 10 in Polearms
  6486 | D:6      | Reached XP level 10. HP: 62/66 MP: 1/15
  6487 | D:6      | Reached skill level 10 in Fighting
  6487 | D:6      | Reached skill level 11 in Polearms
  6487 | D:6      | Reached XP level 11. HP: 67/73 MP: 1/17
  6526 | D:7      | Found an iron altar of Okawaru.
  6810 | D:7      | Found a staircase to the Ecumenical Temple.
  6810 | D:7      | Noticed Duvessa
  6812 | D:7      | Noticed Dowan
  6812 | D:7      | Killed Dowan
  6813 | D:7      | Killed Duvessa
  7043 | D:7      | Found a glowing silver altar of Zin.
  7274 | D:7      | Found an ancient bone altar of Kikubaaqudgha.
  7274 | D:7      | Found a sparkling altar of Nemelex Xobeh.
  7393 | D:8      | Received a gift from Nemelex Xobeh
  7523 | D:8      | Reached skill level 12 in Polearms
  7840 | D:8      | Noticed Grum
  7842 | D:8      | Killed Grum
  7916 | D:8      | Found a glowing golden altar of the Shining One.
  8114 | D:9      | Found a snail-covered altar of Cheibriados.
  8133 | D:9      | Received a gift from Nemelex Xobeh
  8170 | D:9      | Found a basalt altar of Yredelemnul.
  8260 | D:9      | Identified a scroll of acquirement
  8261 | D:9      | Got an encrusted glaive
  8262 | D:9      | Identified the +1 glaive "Diroal" {venom, rElec rN++ MR- Stlth+} (You acquired it on level 9 of the Dungeon)
  8322 | D:9      | Reached **** piety under Nemelex Xobeh
  8376 | D:9      | Received a gift from Nemelex Xobeh
  8472 | D:9      | Found a white marble altar of Elyvilon.
  8533 | D:9      | Found a shattered altar of Ashenzari.
  8658 | D:9      | Got a polished leather armour
  8669 | D:9      | Identified the +3 leather armour of Wasted Space {rC- rN++ MR+ MP+9} (You found it on level 9 of the Dungeon)
  8756 | D:10     | Entered Level 10 of the Dungeon
  8809 | D:10     | Found a blossoming altar of Fedhas.
  8880 | D:10     | Received a gift from Nemelex Xobeh
  8995 | D:10     | Found a staircase to the Lair.
  9134 | D:10     | Noticed Sonja
  9137 | D:10     | Killed Sonja
  9387 | D:11     | Received a gift from Nemelex Xobeh
  9387 | D:11     | Received a gift from Nemelex Xobeh
  9565 | D:11     | Noticed a seven-headed hydra
  9573 | D:11     | Killed a seven-headed hydra
  9573 | D:11     | Reached XP level 12. HP: 59/80 MP: 19/19
  9602 | D:11     | Reached skill level 13 in Polearms
  9942 | D:11     | Reached ***** piety under Nemelex Xobeh
 10258 | Lair:1   | Entered Level 1 of the Lair of Beasts
 10927 | Lair:2   | Received a gift from Nemelex Xobeh
 11376 | Lair:2   | Noticed a seven-headed hydra
 11401 | Lair:2   | Killed an 11-headed hydra
 11453 | Lair:2   | Noticed a seven-headed hydra
 11460 | Lair:2   | Killed a seven-headed hydra
 11463 | Lair:2   | Noticed a six-headed hydra
 11473 | Lair:2   | Killed a six-headed hydra
 11816 | Lair:2   | Reached skill level 14 in Polearms
 11920 | Lair:3   | Received a gift from Nemelex Xobeh
 12216 | Lair:3   | Received a gift from Nemelex Xobeh
 12545 | Lair:3   | Reached XP level 13. HP: 38/87 MP: 9/20
 12709 | Lair:3   | Found a runed door.
 12727 | Lair:3   | Reached skill level 10 in Evocations
 12911 | Lair:3   | Noticed a four-headed hydra
 12930 | Lair:3   | Killed an eight-headed hydra
 13039 | Lair:4   | Received a gift from Nemelex Xobeh
 13571 | Lair:1   | Gained mutation: Armour fits poorly on your strangely shaped body. [potion of mutation]
 13571 | Lair:1   | Gained mutation: You are robust (+10% HP). [potion of mutation]
 13571 | Lair:1   | Gained mutation: You have sharp toenails. [potion of mutation]
 13576 | Lair:1   | Lost mutation: You are robust (+10% HP). [potion of cure mutation]
 13576 | Lair:1   | Lost mutation: You have sharp toenails. [potion of cure mutation]
 13576 | Lair:1   | Lost mutation: Armour fits poorly on your strangely shaped body. [potion of cure mutation]
 13904 | Lair:4   | Received a gift from Nemelex Xobeh
 13997 | Lair:5   | Noticed an emperor scorpion
 13997 | Lair:5   | a death yak changed into an emperor scorpion
 13997 | Lair:5   | Noticed a minotaur
 13997 | Lair:5   | a death yak changed into a minotaur
 14310 | Lair:5   | Reached ****** piety under Nemelex Xobeh
 14312 | Lair:5   | Received a gift from Nemelex Xobeh
 14370 | Lair:5   | Reached skill level 15 in Polearms
 14495 | Lair:5   | Killed an emperor scorpion
 14602 | Lair:5   | Killed a ghost moth
 14702 | Lair:5   | Received a gift from Nemelex Xobeh
 15562 | Lair:6   | Noticed an orc warlord
 15562 | Lair:6   | Noticed an orc warlord
 15808 | Lair:6   | Gained mutation: Your large and strong wings let you fly indefinitely. [Gargoyle growth]
 15808 | Lair:6   | Reached XP level 14. HP: 32/94 MP: 7/21
 15818 | Lair:6   | Killed an orc warlord
 15831 | Lair:6   | Reached skill level 1 in Armour
 16050 | Lair:6   | Killed an orc warlord
 16142 | Lair:6   | Found a staircase to the Swamp.
 16329 | Lair:6   | Found a hole to the Spider Nest.
 16531 | Lair:6   | Received a gift from Nemelex Xobeh
 16856 | Lair:7   | Got a twisted glaive
 17083 | Lair:7   | Received a gift from Nemelex Xobeh
 17468 | Lair:7   | Reached skill level 16 in Polearms
 18168 | Lair:8   | Entered Level 8 of the Lair of Beasts
 18487 | Lair:8   | Received a gift from Nemelex Xobeh
 18969 | Lair:8   | Reached skill level 5 in Armour
 19036 | Lair:8   | Noticed Nessos
 19046 | Lair:8   | Killed Nessos
 19079 | Lair:8   | Received a gift from Nemelex Xobeh
 19087 | Lair:8   | Found a runed door.
 19093 | Lair:8   | Found a viscous altar of Jiyva.
 19130 | Lair:8   | Found a staircase to the Slime Pits.
 19288 | Lair:8   | Killed a minotaur
 19322 | Lair:8   | Identified the +6 glaive of Bobikic {chop, Int+4 Stlth+} (You found it on level 7 of the Lair of Beasts)
 19907 | D:12     | Received a gift from Nemelex Xobeh
 19907 | D:12     | Received a gift from Nemelex Xobeh
 20211 | D:12     | Reached XP level 15. HP: 100/100 MP: 13/22
 20386 | D:12     | Found a staircase to the Orcish Mines.
 20759 | D:13     | Reached skill level 17 in Polearms
 20957 | D:13     | Received a gift from Nemelex Xobeh
 21130 | D:13     | Gained mutation: You are resistant to hostile enchantments. [mutagenic meat]
 21131 | D:13     | Gained mutation: You have very sharp teeth. [mutagenic meat]
 21436 | D:14     | Received a gift from Nemelex Xobeh
 21465 | D:14     | Noticed Roxanne
 21735 | D:14     | Found a gate to the Vaults.
 22522 | D:15     | Entered Level 15 of the Dungeon
 23156 | D:15     | Noticed a storm dragon
 23156 | D:15     | a dire elephant changed into a storm dragon
 23157 | D:15     | a storm dragon changed into an anubis guard
 23432 | D:15     | Found a staircase to the Depths.
 23441 | D:15     | Received a gift from Nemelex Xobeh
 24170 | Orc:1    | Entered Level 1 of the Orcish Mines
 24270 | Orc:1    | Received a gift from Nemelex Xobeh
 24751 | Orc:2    | Received a gift from Nemelex Xobeh
 25524 | Orc:3    | Found a staircase to the Elven Halls.
 25532 | Orc:3    | Reached skill level 18 in Polearms
 25734 | Orc:3    | Noticed Donald
 25739 | Orc:3    | Noticed Donald
 25739 | Orc:3    | Donald changed into Donald the entropy weaver
 25752 | Orc:3    | Killed Donald the entropy weaver
 25752 | Orc:3    | Reached XP level 16. HP: 105/107 MP: 14/23
 25900 | Orc:3    | Received a gift from Nemelex Xobeh
 25993 | Orc:4    | Entered Level 4 of the Orcish Mines
 26365 | Orc:4    | Received a gift from Nemelex Xobeh
 26370 | Orc:4    | Found a frozen archway.
 26390 | IceCv    | Entered an ice cave
 26595 | IceCv    | Gained mutation: You are somewhat resistant to further mutation. [potion of beneficial mutation]
 26911 | IceCv    | Got a smoking glaive
 26925 | IceCv    | Identified the +9 glaive of Arrival {speed, rElec} (You found it in an ice cave)
 26928 | IceCv    | Got a pitted battleaxe
 27182 | Orc:4    | Reached skill level 15 in Fighting
 27206 | Orc:4    | Noticed Azrael
 27214 | Orc:4    | Killed Azrael
 27250 | Orc:4    | Found Hagaess's Antique Armour Emporium.
 27250 | Orc:4    | Found Vouvud's Antique Armour Shoppe.
 27253 | Orc:4    | Found Agreac's Magic Scroll Shoppe.
 27256 | Orc:4    | Found Judoekihe's Distillery.
 27264 | Orc:4    | Received a gift from Nemelex Xobeh
 27278 | Orc:4    | Bought a potion of heal wounds for 65 gold pieces
 27278 | Orc:4    | Bought a potion of heal wounds for 65 gold pieces
 27278 | Orc:4    | Bought a potion of curing for 39 gold pieces
 27278 | Orc:4    | Bought a potion of heal wounds for 65 gold pieces
 27278 | Orc:4    | Bought a potion of curing for 39 gold pieces
 27278 | Orc:4    | Bought a potion of heal wounds for 65 gold pieces
 27280 | Orc:4    | Bought a distressingly furry scale mail for 333 gold pieces
 27290 | Orc:4    | Identified the +1 scale mail "Dituihud" {Int+3} (You bought it in a shop on level 4 of the Orcish Mines)
 27290 | Orc:4    | Bought a pair of embroidered boots for 166 gold pieces
 27290 | Orc:4    | Bought a jasper-encrusted chain mail for 351 gold pieces
 27312 | Orc:4    | Identified the +4 battleaxe "Yzuciubb" {chop, MR+ Int+4 Stlth+} (You found it in an ice cave)
 27326 | Orc:4    | Identified the cursed +1 chain mail "Zeicujer" {rElec Str+4 Int-3} (You bought it in a shop on level 4 of the Orcish Mines)
 27331 | Orc:4    | Bought a pair of embroidered boots for 166 gold pieces
 28089 | Spider:1 | Entered Level 1 of the Spider Nest
 28611 | D:5      | Bought a scroll of brand weapon for 260 gold pieces
 29076 | Spider:1 | Received a gift from Nemelex Xobeh
 29420 | Spider:1 | Received a gift from Nemelex Xobeh
 30168 | Spider:2 | Reached skill level 10 in Armour
 30366 | Spider:2 | Noticed Jorgrun
 30380 | Spider:2 | Killed Jorgrun
 30380 | Spider:2 | Reached skill level 19 in Polearms
 30434 | Spider:2 | Received a gift from Nemelex Xobeh
 30825 | Spider:3 | Received a gift from Nemelex Xobeh
 30888 | Spider:3 | Reached XP level 17. HP: 98/113 MP: 12/24
 31438 | Spider:4 | Entered Level 4 of the Spider Nest
 31609 | Spider:4 | Noticed Aizul
 31630 | Spider:4 | Killed Aizul
 31737 | Spider:4 | Received a gift from Nemelex Xobeh
 31739 | Spider:4 | Noticed Arachne
 31749 | Spider:4 | Killed Arachne
 32216 | Spider:4 | Received a gift from Nemelex Xobeh
 32395 | Spider:4 | Reached skill level 20 in Polearms
 32595 | Spider:4 | Got a gossamer rune of Zot
 33175 | Swamp:1  | Entered Level 1 of the Swamp
 33295 | Swamp:1  | Got a warped ivory ring
 33336 | Swamp:1  | Received a gift from Nemelex Xobeh
 33777 | Swamp:2  | Noticed Frances
 33783 | Swamp:2  | Killed Frances
 33783 | Swamp:2  | Reached XP level 18. HP: 99/120 MP: 13/25
 33905 | Swamp:2  | Received a gift from Nemelex Xobeh
 34507 | Swamp:3  | Received a gift from Nemelex Xobeh
 34598 | Swamp:3  | Identified the ring "Wumain" {+Fly Int+4 Dex+4} (You found it on level 1 of the Swamp)
 34977 | Swamp:3  | Received a gift from Nemelex Xobeh
 35318 | Swamp:4  | Entered Level 4 of the Swamp
 35860 | Swamp:4  | Received a gift from Nemelex Xobeh
 36144 | Swamp:4  | Got a decaying rune of Zot
 36232 | Swamp:4  | Reached skill level 21 in Polearms
 36676 | D:14     | Killed Roxanne
 36730 | Vaults:1 | Entered Level 1 of the Vaults
 36737 | Vaults:1 | Noticed Norris
 36751 | Vaults:1 | Killed Norris
 37128 | Vaults:1 | Got a crude ring mail
 37139 | Vaults:1 | Identified the +4 ring mail "Exioruso" {*Corrode +Inv rPois rN+} (You found it on level 1 of the Vaults)
 37237 | Vaults:1 | Received a gift from Nemelex Xobeh
 37317 | Vaults:1 | Found Oxufaf's Gadget Shoppe.
 37526 | Vaults:1 | Received a gift from Nemelex Xobeh
 37551 | Vaults:1 | Reached XP level 19. HP: 106/127 MP: 13/26
 37706 | Vaults:1 | Found Yschub's Jewellery Emporium.
 37724 | Vaults:1 | Received a gift from Nemelex Xobeh
 38283 | Vaults:2 | Received a gift from Nemelex Xobeh
 38833 | Vaults:2 | Received a gift from Nemelex Xobeh
 38866 | Vaults:2 | Reached skill level 22 in Polearms
 39520 | Vaults:2 | Found a staircase to the Crypt.
 40292 | Vaults:3 | Received a gift from Nemelex Xobeh
 40346 | Vaults:3 | Found Osucrog's Gadget Emporium.
 40884 | Vaults:3 | Reached XP level 20. HP: 112/134 MP: 15/27
 40962 | Vaults:3 | Received a gift from Nemelex Xobeh
 41599 | Vaults:4 | Reached skill level 23 in Polearms
 42216 | Vaults:4 | Received a gift from Nemelex Xobeh
 42560 | Vaults:4 | Found Sietteim's Antique Weapon Emporium.
 42965 | Vaults:4 | Found a radiant altar of Vehumet.
 43144 | Vaults:4 | Got a warped hat
 43151 | Vaults:4 | Got a creamy pearl robe
 43173 | Vaults:4 | Identified the +0 hat of Darkness {rC+ Int-3 Dex+6} (You found it on level 4 of the Vaults)
 43183 | Vaults:4 | Identified the +4 robe of a treasure trove {MR+++ MP-9 Str+3 Slay-4} (You found it on level 4 of the Vaults)
 43226 | Vaults:5 | Entered Level 5 of the Vaults
 43810 | Depths:1 | Entered Level 1 of the Depths
 44105 | Depths:1 | Found a gateway to a ziggurat.
 44174 | Depths:1 | Paralysed by a giant eyeball for 4 turns
 44393 | Elf:1    | Entered Level 1 of the Elven Halls
 44489 | Elf:1    | Received a gift from Nemelex Xobeh
 44658 | Elf:1    | Reached XP level 21. HP: 141/141 MP: 19/28
 44809 | Elf:1    | Received a gift from Nemelex Xobeh
 45266 | Elf:2    | Found a gateway to a bazaar.
 45277 | Bazaar   | Entered a bazaar
 45279 | Bazaar   | Found Madgh's Assorted Antiques.
 45283 | Bazaar   | Found Gunes's Armour Boutique.
 45283 | Bazaar   | Found Fatihet's Weapon Boutique.
 45284 | Bazaar   | Found Puxt's Jewellery Boutique.
 45318 | Bazaar   | Bought a potion of beneficial mutation for 1225 gold pieces
 45356 | Elf:2    | Found a runed gate.
 45357 | Elf:2    | Found a runed gate.
 45357 | Elf:2    | Found a runed gate.
 45362 | Elf:2    | Received a gift from Nemelex Xobeh
 45566 | Elf:2    | Reached skill level 24 in Polearms
 45916 | Elf:2    | Received a gift from Nemelex Xobeh
 46163 | Elf:3    | Entered Level 3 of the Elven Halls
 46387 | Elf:3    | Received a gift from Nemelex Xobeh
 46981 | Elf:3    | Killed from afar by a crystal guardian

Action                   |  1- 3 |  4- 6 |  7- 9 | 10-12 | 13-15 | 16-18 | 19-21 || total
-------------------------+-------+-------+-------+-------+-------+-------+-------++-------
Melee: Unarmed           |    71 |       |       |       |       |       |       ||    71
       Spear             |    64 |   308 |   104 |       |       |       |       ||   476
       Scythe            |       |       |   193 |   281 |       |       |       ||   474
       Glaive            |       |       |       |   373 |  1823 |  1910 |  1759 ||  5865
       Lajatang          |       |       |       |       |       |     4 |       ||     4
       Halberd           |       |       |       |       |       |    12 |       ||    12
Invok: Triple Draw       |       |       |       |       |     2 |     3 |     1 ||     6
       Stack Five        |       |       |       |       |       |     1 |       ||     1
       Deal Four         |       |       |       |       |       |     2 |     4 ||     6
 Abil: Fly               |       |       |       |       |       |     2 |       ||     2
       Stop Flying       |       |       |       |       |       |     1 |       ||     1
Evoke: Deck              |       |       |     5 |    32 |    88 |    34 |    24 ||   183
       Wand              |       |       |       |       |     5 |     3 |       ||     8
  Use: Scroll            |     4 |     1 |     7 |    22 |    12 |     5 |     1 ||    52
       Potion            |       |       |     1 |     4 |    11 |     3 |     4 ||    23
 Stab: Sleeping          |     2 |     3 |     4 |    25 |    15 |       |       ||    49
       Distracted        |       |       |     1 |     2 |     6 |     4 |     1 ||    14
       Confused          |       |       |       |       |     1 |     1 |       ||     2
       Invisible         |       |       |       |       |       |     6 |       ||     6
  Eat: Chunk             |     2 |     2 |     3 |    25 |    58 |    16 |    31 ||   137
       Bread ration      |       |     2 |     1 |       |       |       |       ||     3
       Meat ration       |       |       |       |       |     1 |     5 |     2 ||     8
